 Dungeon Crawl Stone Soup version 0.24-a0-417-g1cce26a4d2 (webtiles) character file.

Game seed: 15190223987738627712

46 HAL9000 the Sneak (level 3, -6/18 HPs)
             Began as a Vine Stalker Assassin on June 11, 2019.
             Killed by divine providence
             ... invoked by an orc priest
              (13 damage)
             ... on level 3 of the Dungeon.
             The game lasted 00:01:50 (1984 turns).

HAL9000 the Sneak (Vine Stalker Assassin)           Turns: 1984, Time: 00:01:50

Health: -6/18      AC:  4    Str: 14    XL:     3   Next: 68%
Magic:  0/4        EV: 11    Int: 11    God:
Gold:   86         SH:  0    Dex: 15    Spells: 2/2 levels left

rFire    . . .     SeeInvis .   a - +2 dagger
rCold    . . .     Gourm    .   (no shield)
rNeg     . . .     Faith    .   s - +0 leather armour
rPois    .         Spirit   +   p - +0 hat
rElec    .         Reflect  .   c - +0 cloak
rCorr    .         Harm     .   (no gloves)
MR       .....                  (no boots)
Stlth    +++.......             (no amulet)
HPRegen  0.06/turn              (no ring)
MPRegen  0.09/turn              (no ring)

@: no status effects
A: fangs 2, magic shield, antimagic bite, no potion heal 3, rot immunity
a: no special abilities


You were on level 3 of the Dungeon.
You were not hungry.

You visited 1 branch of the dungeon, and saw 3 of its levels.

You collected 86 gold pieces.

Inventory:

Hand Weapons
 a - a +2 dagger (weapon)
Missiles
 d - 8 poisoned darts (quivered)
 e - 2 curare-tipped darts
 o - 5 atropa-tipped darts
Armour
 c - a +0 cloak (worn)
 p - a +0 hat (worn)
 s - a +0 leather armour (worn)
Scrolls
 g - 3 scrolls of teleportation
 i - a scroll of magic mapping {unknown}
 j - a scroll of random uselessness {unknown}
 l - 3 scrolls of identify {unknown}
 q - a scroll of remove curse {unknown}
 r - a scroll of blinking {unknown}
Potions
 h - 2 potions of flight {unknown}
 k - 2 potions of brilliance {unknown}
 m - a potion of lignification {unknown}
 n - a potion of haste {unknown}
 t - a potion of resistance {unknown}
Comestibles
 f - 2 rations


   Skills:
 - Level 1.7 Fighting
 + Level 3.5 Short Blades
 - Level 1.7 Throwing
 - Level 0.7 Dodging
 - Level 4.8 Stealth


You had 2 spell levels left.
You didn't know any spells.
Your spell library was empty.

Dungeon Overview and Level Annotations

Branches:
Dungeon (3/15)

Altars:


Innate Abilities, Weirdness & Mutations

You have extremely sharp teeth.
When hurt, damage is shared between your health and your magic reserves.
Your bite disrupts and absorbs the magic of your enemies.
Potions cannot restore your health.
You are immune to rotting.


Message History

The hobgoblin barely misses you.
The giant cockroach bites you but does no damage.
You hit the hobgoblin.
You bite the hobgoblin, but do no damage.
The hobgoblin is lightly wounded.
The kobold completely misses you. The hobgoblin closely misses you.
The giant cockroach closely misses you. The hobgoblin hits you with a +0 club.
The hobgoblin barely misses you.
You see here a scroll labeled KANOUV QOSOM.
A centaur skeleton comes into view.
The centaur skeleton moves out of view.
Found 10 arrows.
A quokka comes into view.
The goblin completely misses you. The kobold closely misses you.
The hobgoblin hits you with a +0 club.
The orc priest calls down the wrath of Beogh upon you.
Beogh smites you!
Ouch! That really hurt!
You die...

... ..... ....r###+#####
#(...........#
#............# #
#............#
###+###.....o.K....###
....^...>....og.@....+
............o.g......#
..............s.........
...................#.#..
....!.........###### # #
...[..........#
.........?....#
..........#+##....
...#####.%..# ....


You could see an orc priest, 2 orcs, a quokka (sleeping), a giant cockroach, a
hobgoblin, a goblin and a kobold.

Vanquished Creatures
  An ooze (D:1)
  A dart slug (D:1)
  3 bats (D:1)
  3 giant cockroaches
  7 goblins
  4 hobgoblins (D:1)
  3 jackals (D:1)
  A ball python (D:2)
  3 frilled lizards
  7 kobolds
  5 rats
38 creatures vanquished.

Notes
Turn   | Place    | Note
-------+----------+-------------------------------------------
     0 | D:1      | HAL9000 the Vine Stalker Assassin began the quest for the
                  | Orb.
     0 | D:1      | Reached XP level 1. HP: 11/11 MP: 2/2
   349 | D:1      | Reached XP level 2. HP: 14/15 MP: 3/3
   718 | D:1      | Reached XP level 3. HP: 8/18 MP: 2/4
  1984 | D:3      | Killed from afar by an orc priest

Levels and vault maps discovered:
D:1:      psy_arrival_wood_between_worlds, layout_basic, serial_glass,
          glass_columns_a, glass_columns_a, glass_columns_b, glass_columns_a,
          dk_noncrumbling_4, minmay_cupped
D:2:      layout_loops_ring, first_ration
D:3:      layout_basic, chequers_ecumenical_altar_twisty

Skill      XL: |  1  2 |
---------------+-------+-----
Short Blades   | 2 3 |  3.5
Fighting       | |  1.7
Throwing       | |  1.7
Dodging        | |  0.7
Stealth        | |  4.8

Action                   || total
-------------------------++-------
Melee: Dagger            ||    93
       Bite              ||    20
  Use: Scroll            ||     1
 Stab: Sleeping          ||    10
  Eat: Chunk             ||     3
Armor: Robe              ||    18
       Leather armour    ||     3
Dodge: Dodged            ||    49

Table legend:
 A = Non-vault XP
 B = Vault XP
 C = Vault XP percentage of total XP
 D = Non-vault monster count
 E = Vault monster count
 F = Vault count percentage of total count
                 A         B        C        D         E       F
            +---------+---------+-------+---------+---------+-------
      Total |      65 |       2 |   3.0 |      36 |       2 |   5.3
            +---------+---------+-------+---------+---------+-------
        D:1 |      53 |       2 |   3.6 |      27 |       2 |   6.9
        D:2 |      12 |       0 |   0.0 |       9 |       0 |   0.0
            +---------+---------+-------+---------+---------+-------
